Map: Thunderbird LE

Players

NoName - Winner!

  • Race: Zerg Zerg
  • League: Diamond
  • Spawn Location: 11:00

PeLLy

  • Race: Zerg Zerg
  • League: Diamond
  • Spawn Location: 5:00

VOD

Have the link to the VOD?

Description

Time

  • Played on: Aug. 18, 2019, 10:51 a.m.
  • Length: 7:45
Show
View Real Time Build Order
Export as new Build Order

NoName Zerg - Winner!

Build Orders: Hatch First 

Get SALT Encoding   

  12  0:01  Drone  
  13  0:12  Overlord  
  13  0:16  Drone  
  14  0:31  Drone x2  
  14  0:34  Drone  
  17  0:55  Hatchery  
  17  0:56  Drone  
  17  0:59  Drone  
  18  1:05  Extractor  
  18  1:07  Drone  
  18  1:21  Drone  
  18  1:22  Spawning Pool  
  18  1:28  Drone  
  19  1:39  Overlord  
  19  1:53  Drone  
  20  2:09  Queen x2  
  20  2:10  Zergling x4  
  20  2:12  Zergling x2  
  20  2:13  Metabolic Boost  
  27  2:20  Drone  
  28  2:27  Drone  
  29  2:41  Zergling x6  
  32  2:46  Baneling Nest  
  31  2:52  Overlord  
  31  2:54  Zergling x2  
  32  3:07  Zergling x2  
  32  3:08  Zergling x4  
  32  3:12  Overlord  
  35  3:24  Zergling x2  
  35  3:25  Zergling x12  
  42  3:30  Baneling  
  42  3:31  Baneling x3  
  42  3:32  Baneling  
  42  3:43  Baneling  
  40  3:57  Zergling x20  
  48  4:36  Zergling x2  
  48  4:37  Zergling x6  
  42  4:59  Zergling x16  
  47  5:16  Drone x2  
  44  5:49  Zergling x2  
  43  5:50  Zergling x16  
  43  5:56  Zergling x2  
  50  6:08  Zergling x2  
  50  6:10  Overlord x3  
  51  6:14  Lair  
  50  6:28  Baneling x3  
  50  6:30  Baneling x2  
  50  6:31  Baneling  
  50  6:33  Baneling x2  
  50  6:35  Baneling  
  50  6:36  Baneling  
  50  6:37  Zergling x2  
  50  6:38  Zergling x14  
  58  6:54  Zergling x2  
  58  6:55  Zergling x8  
  62  7:22  Zergling x2  
  52  7:23  Zergling x12  
Show
View Real Time Build Order
Export as new Build Order

PeLLy Zerg 

Build Orders: Hatch First 

Get SALT Encoding   

  12  0:00  Drone  
  13  0:16  Overlord  
  13  0:25  Drone  
  14  0:36  Drone x2  
  14  0:39  Drone  
  17  0:55  Hatchery  
  16  0:58  Drone  
  17  1:06  Drone  
  18  1:13  Spawning Pool  
  18  1:16  Drone  
  18  1:21  Drone  
  19  1:36  Overlord  
  19  1:47  Drone  
  20  2:00  Queen  
  22  2:07  Queen  
  24  2:09  Drone  
  24  2:11  Hatchery  
  24  2:17  Drone  
  24  2:18  Drone x2  
  27  2:26  Overlord  
  27  2:32  Drone x2  
  29  2:56  Zergling x8  
  33  3:00  Evolution Chamber  
  33  3:02  Evolution Chamber  
  31  3:06  Roach Warren  
  31  3:10  Zergling x2  
  31  3:12  Zergling x4  
  33  3:13  Zergling x2  
  33  3:19  Spine Crawler  
  33  3:21  Queen  
  35  3:28  Extractor  
  35  3:29  Drone x3  
  35  3:30  Extractor  
  30  4:04  Extractor  
  30  4:05  Extractor  
  28  4:18  Spine Crawler  
  28  4:19  Queen  
  28  4:24  Spine Crawler  
  28  4:27  Roach x3  
  34  4:37  Roach x3  
  37  4:46  Roach x3  
  42  4:53  Roach  
  42  4:54  Roach  
  46  5:04  Roach  
  48  5:10  Drone  
  48  5:11  Drone  
  50  5:31  Overlord  
  40  5:43  Queen  
  40  5:48  Roach  
  36  6:02  Roach  
  36  6:03  Roach  
  38  6:17  Lair  
  38  6:32  Drone  
  39  6:37  Drone  
  40  6:45  Drone  
  41  6:56  Drone x2  
  43  7:08  Drone  
  43  7:09  Drone x2  
Tags
 
Add a new tag
Caveats
  • Supply blocks, unpowered buildings, or Contaminate may cause inaccurate times.
  • Supply counts are checked every 10 seconds.